HS
WOODSTOCK HS WOODPECKERS @ RIVERRDALE BAPTIST HS CRUSADERS
03/24/2060
 
TOP OF THE 1ST
Woodstock HS Woodpeckers batting - Pitching for Riverrdale Baptist HS Crusaders : LHP Tim Killips
Pitching: LHP Tim Killips
Batting: RHB Jules Vaughn 0-0: Ball
1-0: Called Strike
1-1: Ball
2-1: Foul Ball, location: 2F
2-2: Strikes out swinging
Batting: RHB Ty Dempsey 0-0: Called Strike
0-1: Fly out, F7 (Line Drive, 7, EV 107.5 MPH)
Batting: RHB Garrett Ross 0-0: Ball
1-0: Foul Ball, location: 2F
1-1: Ball
2-1: Called Strike
2-2: Ball
3-2: Strikes out swinging
Top of the 1st over - 0 runs, 0 hits, 0 errors, 0 left on base; Woodstock HS 0 - Riverrdale Baptist HS 0
BOTTOM OF THE 1ST
Riverrdale Baptist HS Crusaders batting - Pitching for Woodstock HS Woodpeckers : RHP Nicolas Sobczak
Pitching: RHP Nicolas Sobczak
Batting: RHB Chase McNew 0-0: Fly out, F8 (Flyball, 89M, EV 84.4 MPH)
Batting: LHB Perry Stevens 0-0: Ball
1-0: Foul Ball, location: 2F
1-1: Ball
2-1: Ball
3-1: Swinging Strike
3-2: Foul Ball, location: 2F
3-2: Foul Ball, location: 2F
3-2: Strikes out swinging
Batting: RHB Kyle Florella 0-0: Swinging Strike
0-1: DOUBLE (Line Drive, 9LM, EV 105.0 MPH)
Batting: LHB Dillan Wobbe 0-0: Ball
1-0: Ball
2-0: Ball
3-0: Called Strike
3-1: Base on Balls
Batting: SHB Will Spero 0-0: Called Strike
0-1: Ball
1-1: Ball
2-1: Foul Ball, location: 2F
2-2: Ball
3-2: Strikes out swinging
Bottom of the 1st over - 0 runs, 1 hit, 0 errors, 2 left on base; Woodstock HS 0 - Riverrdale Baptist HS 0
TOP OF THE 2ND
Woodstock HS Woodpeckers batting - Pitching for Riverrdale Baptist HS Crusaders : LHP Tim Killips
Batting: RHB Moses Everhart 0-0: Ball
1-0: Foul Ball, location: 2F
1-1: Fly out, F8 (Line Drive, 8LM, EV 90.0 MPH)
Batting: LHB Steven Friend 0-0: Ball
1-0: Swinging Strike
1-1: Ball
2-1: Ball
3-1: Called Strike
3-2: DOUBLE (Line Drive, 3D, EV 94.4 MPH)
Batting: LHB Gavin Pohl 0-0: Ball
1-0: Ball
2-0: Foul Ball, location: 2F
2-1: Foul Ball, location: 2F
2-2: Ball
3-2: SINGLE (Groundball, 34D, EV 98.1 MPH)
Steven Friend to third
Runner from 3rd tries for Home, SAFE, throw by RF to home
Batting: RHB Mitchell Cook 0-0: Ball
1-0: Ball
2-0: Foul Ball, location: 2F
2-1: Swinging Strike
2-2: Foul Ball, location: 2F
2-2: Strikes out looking
Batting: RHB Justin Taulbee 0-0: Ball
1-0: Fielders Choice at 2nd, 6-4 (Groundball, 6, EV 79.4 MPH)
Top of the 2nd over - 1 run, 2 hits, 0 errors, 1 left on base; Woodstock HS 1 - Riverrdale Baptist HS 0
BOTTOM OF THE 2ND
Riverrdale Baptist HS Crusaders batting - Pitching for Woodstock HS Woodpeckers : RHP Nicolas Sobczak
Batting: RHB Vincent Moffett 0-0: Ball
1-0: Called Strike
1-1: Ball
2-1: Swinging Strike
2-2: Ball
3-2: Base on Balls
Batting: RHB Peyton McNaughton 0-0: 2-RUN HOME RUN (Flyball, 78XD, EV 95.0 MPH), Distance : 383 ft
Batting: RHB Brock Hough 0-0: Foul Ball, location: 2F
0-1: Ball
1-1: Foul Ball, location: 2F
1-2: Ball
2-2: Ball
3-2: Strikes out swinging
Batting: RHB Micah Lintz 0-0: Ball
1-0: Ground out U3 (Groundball, 3, EV 88.1 MPH)
Batting: RHB Chase McNew 0-0: Called Strike
0-1: Called Strike
0-2: Ball
1-2: Ball
2-2: Ball
3-2: Ground out 6-3 (Groundball, 6, EV 90.0 MPH)
Bottom of the 2nd over - 2 runs, 1 hit, 0 errors, 0 left on base; Woodstock HS 1 - Riverrdale Baptist HS 2
TOP OF THE 3RD
Woodstock HS Woodpeckers batting - Pitching for Riverrdale Baptist HS Crusaders : LHP Tim Killips
Batting: RHB Averett Seitz 0-0: Ball
1-0: Foul Ball, location: 2F
1-1: Called Strike
1-2: Foul Ball, location: 2F
1-2: Fly out, F8 (Line Drive, 78D, EV 96.9 MPH)
Batting: RHB Jules Vaughn 0-0: Fly out, F4 (Popup, 34D, EV 50.6 MPH)
Batting: RHB Ty Dempsey 0-0: Called Strike
0-1: Ball
1-1: Swinging Strike
1-2: Strikes out swinging
Top of the 3rd over - 0 runs, 0 hits, 0 errors, 0 left on base; Woodstock HS 1 - Riverrdale Baptist HS 2
BOTTOM OF THE 3RD
Riverrdale Baptist HS Crusaders batting - Pitching for Woodstock HS Woodpeckers : RHP Nicolas Sobczak
Batting: LHB Perry Stevens 0-0: Called Strike
0-1: Called Strike
0-2: Ball
1-2: SINGLE (Groundball, 4MD, EV 104.4 MPH)
Batting: RHB Kyle Florella 0-0: Ball
1-0: Ball
2-0: Ball
3-0: Base on Balls
Perry Stevens to second
Batting: LHB Dillan Wobbe 0-0: Ball
1-0: SINGLE (Line Drive, 7S, EV 100.0 MPH)
Perry Stevens to third
Kyle Florella to second
Batting: SHB Will Spero 0-0: Foul Ball, location: 2F
0-1: Foul Ball, location: 2F
0-2: Grounds into double play, 6-4-3 (Groundball, 6, EV 110.6 MPH)
Perry Stevens scores
Kyle Florella to third
Batting: RHB Vincent Moffett 0-0: TRIPLE (Flyball, 89XD, EV 101.9 MPH)
Kyle Florella scores
Batting: RHB Peyton McNaughton 0-0: Foul Ball, location: 2F
0-1: Ball
1-1: Swinging Strike
1-2: Strikes out swinging
Bottom of the 3rd over - 2 runs, 3 hits, 0 errors, 1 left on base; Woodstock HS 1 - Riverrdale Baptist HS 4
TOP OF THE 4TH
Woodstock HS Woodpeckers batting - Pitching for Riverrdale Baptist HS Crusaders : LHP Tim Killips
Batting: RHB Garrett Ross 0-0: Called Strike
0-1: Foul Ball, location: 2F
0-2: Ball
1-2: Strikes out swinging
Batting: RHB Moses Everhart 0-0: Ground out U3 (Groundball, 13, EV 87.5 MPH)
Batting: LHB Steven Friend 0-0: Foul Ball, location: 2F
0-1: Ball
1-1: Hit by Pitch
Batting: LHB Gavin Pohl 0-0: Called Strike
0-1: Swinging Strike
0-2: Ball
1-2: Foul Ball, location: 2F
1-2: Ball
2-2: Ball
3-2: Fly out, F7 (Flyball, 7S, EV 91.2 MPH)
Top of the 4th over - 0 runs, 0 hits, 0 errors, 1 left on base; Woodstock HS 1 - Riverrdale Baptist HS 4
BOTTOM OF THE 4TH
Riverrdale Baptist HS Crusaders batting - Pitching for Woodstock HS Woodpeckers : RHP Nicolas Sobczak
Batting: RHB Brock Hough 0-0: Ball
1-0: Ball
2-0: SINGLE (Groundball, 56D, EV 100.0 MPH)
Batting: RHB Micah Lintz 0-0: Ball
1-0: Ball
2-0: Called Strike
2-1: Grounds into double play, 4-6-3 (Groundball, 4, EV 96.2 MPH)
Batting: RHB Chase McNew 0-0: Foul Ball, location: 2F
0-1: Hit by Pitch
Batting: LHB Perry Stevens 0-0: Called Strike
0-1: Called Strike
Chase McNew steals 2nd base
0-2: Ball
1-2: Ball
2-2: Foul Ball, location: 2F
2-2: Strikes out swinging
Bottom of the 4th over - 0 runs, 1 hit, 0 errors, 1 left on base; Woodstock HS 1 - Riverrdale Baptist HS 4
TOP OF THE 5TH
Woodstock HS Woodpeckers batting - Pitching for Riverrdale Baptist HS Crusaders : LHP Tim Killips
Batting: RHB Mitchell Cook 0-0: Ball
1-0: Called Strike
1-1: Ball
2-1: Ground out U3 (Groundball, 34S, EV 66.2 MPH)
Batting: RHB Justin Taulbee 0-0: Ground out 1-3 (Groundball, 25, EV 69.4 MPH)
Batting: RHB Averett Seitz 0-0: Called Strike
0-1: SINGLE (Flyball, 6MD, EV 85.0 MPH)
Batting: RHB Jules Vaughn 0-0: Ground out 5-3 (Groundball, 56S, EV 70.0 MPH)
Top of the 5th over - 0 runs, 1 hit, 0 errors, 1 left on base; Woodstock HS 1 - Riverrdale Baptist HS 4
BOTTOM OF THE 5TH
Riverrdale Baptist HS Crusaders batting - Pitching for Woodstock HS Woodpeckers : RHP Nicolas Sobczak
Batting: RHB Kyle Florella 0-0: Ball
1-0: Fly out, F8 (Flyball, 8RD, EV 106.2 MPH)
Batting: LHB Dillan Wobbe 0-0: Ball
1-0: DOUBLE (Line Drive, 78D, EV 106.9 MPH)
Pitching: RHP Derek Troutman
Batting: SHB Will Spero 0-0: Called Strike
0-1: Swinging Strike
0-2: Ball
1-2: Ball
2-2: DOUBLE (Line Drive, 89D, EV 106.9 MPH)
Dillan Wobbe scores
Pitching: LHP Chase Cope
Batting: RHB Vincent Moffett 0-0: Ball
1-0: Ball
2-0: DOUBLE (Line Drive, 78M, EV 91.2 MPH)
Will Spero scores
Batting: RHB Peyton McNaughton 0-0: Ground out 4-3 (Groundball, 4, EV 85.0 MPH)
Vincent Moffett to third
Batting: RHB Brock Hough 0-0: Foul Ball, location: 2F
0-1: Foul Ball, location: 2F
0-2: Ball
1-2: Ball
2-2: Strikes out looking
Bottom of the 5th over - 2 runs, 3 hits, 0 errors, 1 left on base; Woodstock HS 1 - Riverrdale Baptist HS 6
TOP OF THE 6TH
Woodstock HS Woodpeckers batting - Pitching for Riverrdale Baptist HS Crusaders : LHP Tim Killips
Batting: RHB Ty Dempsey 0-0: Swinging Strike
0-1: Ball
1-1: Swinging Strike
1-2: Foul Ball, location: 2F
1-2: Ball
2-2: Ground out 5-3 (Groundball, 56S, EV 70.6 MPH)
Pitching: RHP Dale Cowart
Batting: RHB Garrett Ross 0-0: Ball
1-0: Foul Ball, location: 2F
1-1: Fly out, F9 (Flyball, 9D, EV 82.5 MPH)
Batting: RHB Moses Everhart 0-0: Ball
1-0: Ball
2-0: Ball
3-0: Called Strike
3-1: Foul Ball, location: 2F
3-2: Foul Ball, location: 2F
3-2: TRIPLE (Flyball, 89XD, EV 102.5 MPH)
Batting: LHB Steven Friend 0-0: Ball
1-0: Foul Ball, location: 2F
1-1: Ball
2-1: Foul Ball, location: 2F
2-2: Ground out 6-3 (Groundball, 6, EV 108.8 MPH)
Top of the 6th over - 0 runs, 1 hit, 0 errors, 1 left on base; Woodstock HS 1 - Riverrdale Baptist HS 6
BOTTOM OF THE 6TH
Riverrdale Baptist HS Crusaders batting - Pitching for Woodstock HS Woodpeckers : LHP Chase Cope
Batting: RHB Micah Lintz 0-0: Ball
1-0: Ball
2-0: Called Strike
2-1: Ground out 6-3 (Groundball, 6MD, EV 107.5 MPH)
Batting: RHB Chase McNew 0-0: Ball
1-0: Ball
2-0: Swinging Strike
2-1: Foul Ball, location: 2F
2-2: SINGLE (Line Drive, 7S, EV 95.0 MPH)
Batting: LHB Perry Stevens 0-0: Swinging Strike
0-1: Ball
1-1: Ball
2-1: Ball
Chase McNew steals 2nd base
3-1: Fly out, F9 (Line Drive, 89S, EV 96.9 MPH)
Batting: RHB Kyle Florella 0-0: SINGLE (Flyball, 8LS, EV 90.6 MPH)
Chase McNew to third
Runner from 3rd tries for Home, SAFE, throw by CF to home
Kyle Florella to second
Batting: LHB Dillan Wobbe 0-0: Ball
1-0: Called Strike
1-1: Swinging Strike
1-2: Foul Ball, location: 2F
1-2: Ball
2-2: Foul Ball, location: 2F
2-2: Foul Ball, location: 2F
2-2: Ball
3-2: SINGLE (Groundball, 4MD, EV 102.5 MPH) (infield hit)
Kyle Florella to third
Batting: SHB Will Spero 0-0: Ball
1-0: Called Strike
1-1: Foul Ball, location: 2F
1-2: Fly out, F8 (Flyball, 8RD, EV 95.6 MPH)
Bottom of the 6th over - 1 run, 3 hits, 0 errors, 2 left on base; Woodstock HS 1 - Riverrdale Baptist HS 7
TOP OF THE 7TH
Woodstock HS Woodpeckers batting - Pitching for Riverrdale Baptist HS Crusaders : RHP Dale Cowart
Batting: LHB Gavin Pohl 0-0: Ball
1-0: Foul Ball, location: 2F
1-1: Foul Ball, location: 2F
1-2: Ball
2-2: Foul Ball, location: 2F
2-2: Fly out, F8 (Line Drive, 8LD, EV 107.5 MPH)
Batting: RHB Mitchell Cook 0-0: Called Strike
0-1: Hit by Pitch
Batting: RHB Justin Taulbee 0-0: Ball
1-0: Ball
2-0: Called Strike
2-1: Foul Ball, location: 2F
2-2: Ball
3-2: SINGLE (Groundball, 5S, EV 71.9 MPH) (infield hit)
Mitchell Cook to second
Batting: RHB Averett Seitz 0-0: Called Strike
0-1: Foul Ball, location: 2F
0-2: Strikes out swinging
Pitching: RHP Johnathan Campbell
Batting: RHB Jules Vaughn 0-0: Foul Ball, location: 2F
0-1: Ball
1-1: Fly out, F8 (Flyball, 8RM, EV 79.4 MPH)
Top of the 7th over - 0 runs, 1 hit, 0 errors, 2 left on base; Woodstock HS 1 - Riverrdale Baptist HS 7
BOTTOM OF THE 7TH
Riverrdale Baptist HS Crusaders batting - Pitching for Woodstock HS Woodpeckers : LHP Chase Cope
Batting: RHB Vincent Moffett 0-0: Ball
1-0: Ball
2-0: Ground out 1-3 (Groundball, 13, EV 75.0 MPH)
Batting: RHB Peyton McNaughton 0-0: Ground out 5-3 (Groundball, 56S, EV 88.8 MPH)
Batting: RHB Brock Hough 0-0: Ball
1-0: Ball
2-0: Ball
3-0: Base on Balls
Pitching: RHP Parker Larson
Batting: RHB Micah Lintz 0-0: Called Strike
0-1: Fly out, F9 (Flyball, 9LD, EV 105.6 MPH)
Bottom of the 7th over - 0 runs, 0 hits, 0 errors, 1 left on base; Woodstock HS 1 - Riverrdale Baptist HS 7
TOP OF THE 8TH
Woodstock HS Woodpeckers batting - Pitching for Riverrdale Baptist HS Crusaders : RHP Johnathan Campbell
Batting: RHB Ty Dempsey 0-0: Ball
1-0: Ball
2-0: SINGLE (Groundball, 25, EV 68.8 MPH) (infield hit)
Batting: RHB Garrett Ross 0-0: Hit by Pitch
Ty Dempsey to second
Batting: RHB Moses Everhart 0-0: Ball
1-0: Ball
2-0: Ball
3-0: Called Strike
3-1: Fielders Choice at 2nd, 4-6 (Groundball, 34, EV 99.4 MPH)
Ty Dempsey to third
Pitching: RHP Vashan Rivera
Batting: LHB Steven Friend 0-0: Ball
1-0: SINGLE (Flyball, 8LS, EV 98.1 MPH)
Ty Dempsey scores
Moses Everhart to second
Batting: LHB Gavin Pohl 0-0: Ball
1-0: Ball
2-0: Ball
3-0: Called Strike
3-1: Swinging Strike
3-2: SINGLE (Line Drive, 4MD, EV 95.6 MPH)
Moses Everhart to third
Steven Friend to second
Runner from 3rd tries for Home, SAFE, throw by CF to home
Batting: RHB Mitchell Cook 0-0: Called Strike
0-1: Called Strike
0-2: Foul Ball, location: 2F
0-2: SINGLE (Groundball, 4D, EV 98.8 MPH)
Steven Friend to third
Gavin Pohl to second
Batting: RHB Justin Taulbee 0-0: Ball
1-0: Called Strike
1-1: Ball
2-1: Reached on error, E6 (Groundball, 6, EV 84.4 MPH)
Steven Friend scores
Gavin Pohl to third
Mitchell Cook to second
Batting: RHB Averett Seitz 0-0: Ball
1-0: GRAND SLAM HOME RUN (Flyball, 89XD, EV 96.9 MPH), Distance : 361 ft
Pitching: LHP Kolby Rager
Batting: RHB Jules Vaughn 0-0: Called Strike
0-1: Ball
1-1: Called Strike
1-2: Foul Ball, location: 2F
1-2: Foul Ball, location: 2F
1-2: Ball
2-2: Strikes out swinging
Batting: RHB Ty Dempsey 0-0: Ball
1-0: Ball
2-0: Called Strike
2-1: Ball
3-1: SINGLE (Flyball, 34D, EV 86.9 MPH)
Batting: RHB Garrett Ross 0-0: Ball
1-0: Ball
2-0: Ball
3-0: Called Strike
3-1: Base on Balls
Ty Dempsey to second
Batting: RHB Moses Everhart 0-0: Called Strike
0-1: Ball
1-1: Ball
2-1: SINGLE (Groundball, 6D, EV 97.5 MPH)
Ty Dempsey to third
Garrett Ross to second
Runner from 3rd tries for Home, SAFE, throw by LF to home
Batting: LHB Steven Friend 0-0: SINGLE (Line Drive, 5D, EV 98.8 MPH)
Garrett Ross to third
Moses Everhart to second
Runner from 3rd tries for Home, SAFE, throw by LF to home
Batting: LHB Gavin Pohl 0-0: Ball
1-0: Foul Ball, location: 2F
1-1: Swinging Strike
1-2: Foul Ball, location: 2F
1-2: Strikes out looking
Top of the 8th over - 9 runs, 8 hits, 1 error, 2 left on base; Woodstock HS 10 - Riverrdale Baptist HS 7
BOTTOM OF THE 8TH
Riverrdale Baptist HS Crusaders batting - Pitching for Woodstock HS Woodpeckers : RHP Parker Larson
Batting: RHB Chase McNew 0-0: Called Strike
0-1: Foul Ball, location: 2F
0-2: Strikes out swinging
Batting: LHB Perry Stevens 0-0: Ball
1-0: Ball
2-0: Ball
3-0: Called Strike
3-1: Reached on error, E4 (Groundball, 4M, EV 86.9 MPH)
Batting: LHB Abe Gatlin 0-0: Ball
1-0: Swinging Strike
1-1: Fielders Choice at 2nd, 5-4 (Groundball, 5, EV 98.8 MPH)
Batting: LHB Dillan Wobbe 0-0: Called Strike
0-1: Ball
1-1: Swinging Strike
1-2: Strikes out swinging
Bottom of the 8th over - 0 runs, 0 hits, 1 error, 1 left on base; Woodstock HS 10 - Riverrdale Baptist HS 7
TOP OF THE 9TH
Woodstock HS Woodpeckers batting - Pitching for Riverrdale Baptist HS Crusaders : LHP Kolby Rager
Batting: RHB Mitchell Cook 0-0: Ball
1-0: Fly out, F8 (Flyball, 8LD, EV 99.4 MPH)
Batting: RHB Justin Taulbee 0-0: Ball
1-0: Ground out 5-3 (Groundball, 56, EV 100.6 MPH)
Batting: RHB Averett Seitz 0-0: Ball
1-0: Fly out, F9 (Line Drive, 9, EV 96.9 MPH)
Top of the 9th over - 0 runs, 0 hits, 0 errors, 0 left on base; Woodstock HS 10 - Riverrdale Baptist HS 7
BOTTOM OF THE 9TH
Riverrdale Baptist HS Crusaders batting - Pitching for Woodstock HS Woodpeckers : RHP Parker Larson
Pitching: LHP Dominick McCarthy
Batting: SHB Will Spero 0-0: Swinging Strike
0-1: Ball
1-1: Ball
2-1: Ground out 4-3 (Groundball, 34, EV 80.6 MPH)
Batting: RHB Vincent Moffett 0-0: Ball
1-0: Ball
2-0: Ground out 6-3 (Groundball, 6MS, EV 82.5 MPH)
Batting: RHB Peyton McNaughton 0-0: Called Strike
0-1: Swinging Strike
0-2: Strikes out swinging
Bottom of the 9th over - 0 runs, 0 hits, 0 errors, 0 left on base; Woodstock HS 10 - Riverrdale Baptist HS 7
Wednesday, April 17th , 2024 - OOTP Baseball 23.10 Build 110